BSA
SEATTLE PIKES @ VISTA PANTHERS
09/28/2028
 
TOP OF THE 1ST
Seattle Pikes batting - Pitching for Vista Panthers : RHP Dave Jackson
Pitching: RHP Dave Jackson
Batting: LHB Eduardo Gómez 0-0: Called Strike
0-1: Ball
1-1: Foul Ball, location: 2F
1-2: Strikes out looking
Batting: RHB Randy Sheppard 0-0: Ball
1-0: Called Strike
1-1: Swinging Strike
1-2: Strikes out looking
Batting: RHB Wallace Greene 0-0: Called Strike
0-1: Ball
1-1: Foul Ball, location: 2F
1-2: Ball
2-2: Foul Ball, location: 2F
2-2: Strikes out swinging
Top of the 1st over - 0 run(s), 0 hit(s), 0 error(s), 0 left on base; Seattle 0 - Vista 0
BOTTOM OF THE 1ST
Vista Panthers batting - Pitching for Seattle Pikes : LHP Marcos Benítez
Pitching: LHP Marcos Benítez
Batting: RHB Justin Burgess 0-0: Ball
1-0: Called Strike
1-1: Swinging Strike
1-2: Ball
2-2: Ball
3-2: SINGLE (Groundball, 4MD)
Batting: RHB Alfredo Rivera 0-0: Ball
1-0: DOUBLE (Line Drive, 9D)
Justin Burgess to third
Runner from 3rd tries for Home, throw and OUT!
Alfredo Rivera to third
Batting: RHB Mario Beltrán 0-0: Called Strike
0-1: Ball
1-1: Ball
2-1: Ball
3-1: Ground out 5-3 (Groundball, 56)
Alfredo Rivera scores
Batting: RHB Phil Matthews 0-0: DOUBLE (Groundball, 5L)
Batting: RHB Cisco Gatán 0-0: Called Strike
0-1: Ball
1-1: Ball
2-1: Fly out, F9 (Flyball, 9LSF)
Bottom of the 1st over - 1 run(s), 3 hit(s), 0 error(s), 1 left on base; Seattle 0 - Vista 1
TOP OF THE 2ND
Seattle Pikes batting - Pitching for Vista Panthers : RHP Dave Jackson
Batting: RHB Pete Rideout 0-0: DOUBLE (Line Drive, 7LD)
Batting: LHB Michael Barrett 0-0: Foul Ball, location: 2F
0-1: Ball
1-1: Ground out 6-3 (Groundball, 6M)
Pete Rideout to third
Batting: SHB Nate Rhodes 0-0: Ball
1-0: Swinging Strike
1-1: Ball
2-1: Foul Ball, location: 2F
2-2: Foul Ball, location: 2F
2-2: Fly out, F5 (Popup, 56)
Batting: SHB António Hernández 0-0: SINGLE (Groundball, 6MD)
Pete Rideout scores
Batting: RHB Henning Huisman 0-0: Called Strike
0-1: Swinging Strike
0-2: Strikes out looking
Top of the 2nd over - 1 run(s), 2 hit(s), 0 error(s), 1 left on base; Seattle 1 - Vista 1
BOTTOM OF THE 2ND
Vista Panthers batting - Pitching for Seattle Pikes : LHP Marcos Benítez
Batting: RHB Stephen Wilson 0-0: Ball
1-0: Swinging Strike
1-1: Fly out, F5 (Line Drive, 5S)
Batting: RHB António López 0-0: Ball
1-0: Ball
2-0: Foul Ball, location: 2F
2-1: Fly out, F6 (Popup, 6D)
Batting: RHB Alfredo López 0-0: Called Strike
0-1: Foul Ball, location: 2F
0-2: Ball
1-2: Strikes out looking
Bottom of the 2nd over - 0 run(s), 0 hit(s), 0 error(s), 0 left on base; Seattle 1 - Vista 1
TOP OF THE 3RD
Seattle Pikes batting - Pitching for Vista Panthers : RHP Dave Jackson
Batting: RHB Bill Mark 0-0: Ball
1-0: Ball
2-0: Ball
3-0: Called Strike
3-1: Fly out, F6 (Line Drive, 6)
Batting: LHB Eduardo Gómez 0-0: Foul Ball, location: 2F
0-1: Swinging Strike
0-2: Ball
1-2: Strikes out swinging
Batting: RHB Randy Sheppard 0-0: Called Strike
0-1: Ball
1-1: Foul Ball, location: 2F
1-2: Fly out, F7 (Flyball, 78M)
Top of the 3rd over - 0 run(s), 0 hit(s), 0 error(s), 0 left on base; Seattle 1 - Vista 1
BOTTOM OF THE 3RD
Vista Panthers batting - Pitching for Seattle Pikes : LHP Marcos Benítez
Batting: LHB Bob Cunningham 0-0: Ball
1-0: Swinging Strike
1-1: Ball
2-1: Foul Ball, location: 2F
2-2: SINGLE (Line Drive, 34)
Batting: RHB Justin Burgess 0-0: Ball
1-0: Swinging Strike
1-1: Fly out, F8 (Flyball, 8RM)
Batting: RHB Alfredo Rivera 0-0: Ball
1-0: Foul Ball, location: 2F
1-1: Called Strike
1-2: Ball
2-2: Grounds into double play, 1-4-3 (Groundball, 15S)
Bottom of the 3rd over - 0 run(s), 1 hit(s), 0 error(s), 0 left on base; Seattle 1 - Vista 1
TOP OF THE 4TH
Seattle Pikes batting - Pitching for Vista Panthers : RHP Dave Jackson
Batting: RHB Wallace Greene 0-0: Ball
1-0: Foul Ball, location: 2F
1-1: Ball
2-1: Ball
3-1: Swinging Strike
3-2: Base on Balls
Batting: RHB Pete Rideout 0-0: Called Strike
0-1: Ball
1-1: Swinging Strike
1-2: Ball
2-2: Ball
3-2: Grounds into double play, 6-4-3 (Groundball, 56)
Batting: LHB Michael Barrett 0-0: Ball
1-0: Ball
2-0: Ball
3-0: Base on Balls
Batting: SHB Nate Rhodes 0-0: Ball
1-0: Called Strike
1-1: Ball
2-1: Foul Ball, location: 2F
2-2: Ball
3-2: SINGLE (Groundball, 6MD)
Michael Barrett to second
Michael Barrett to third
Batting: SHB António Hernández 0-0: Ball
1-0: Ball
2-0: Ball
3-0: Called Strike
3-1: Base on Balls
Nate Rhodes to second
Batting: RHB Henning Huisman 0-0: Ball
1-0: Foul Ball, location: 2F
1-1: Called Strike
1-2: Fly out, F8 (Flyball, 8RD)
Top of the 4th over - 0 run(s), 1 hit(s), 0 error(s), 3 left on base; Seattle 1 - Vista 1
BOTTOM OF THE 4TH
Vista Panthers batting - Pitching for Seattle Pikes : LHP Marcos Benítez
Batting: RHB Mario Beltrán 0-0: SINGLE (Line Drive, 89S)
Batting: RHB Phil Matthews 0-0: Fly out, F8 (Line Drive, 8LM)
Batting: RHB Cisco Gatán 0-0: Called Strike
0-1: Ball
1-1: Grounds into double play, 4-6-3 (Groundball, 4)
Bottom of the 4th over - 0 run(s), 1 hit(s), 0 error(s), 0 left on base; Seattle 1 - Vista 1
TOP OF THE 5TH
Seattle Pikes batting - Pitching for Vista Panthers : RHP Dave Jackson
Batting: RHB Bill Mark 0-0: Foul Ball, location: 2F
0-1: Ball
1-1: Foul Ball, location: 2F
1-2: Ball
2-2: Foul Ball, location: 2F
2-2: Strikes out swinging
Batting: LHB Eduardo Gómez 0-0: Foul Ball, location: 2F
0-1: Ball
1-1: Foul Ball, location: 2F
1-2: Strikes out swinging
Batting: RHB Randy Sheppard 0-0: Called Strike
0-1: Ball
1-1: Ball
2-1: Foul Ball, location: 2F
2-2: Ball
3-2: Foul Ball, location: 2F
3-2: Fly out, F8 (Line Drive, 8LD)
Top of the 5th over - 0 run(s), 0 hit(s), 0 error(s), 0 left on base; Seattle 1 - Vista 1
BOTTOM OF THE 5TH
Vista Panthers batting - Pitching for Seattle Pikes : LHP Marcos Benítez
Batting: RHB Stephen Wilson 0-0: Swinging Strike
0-1: Ball
1-1: Called Strike
1-2: SINGLE (Line Drive, 89S)
Batting: RHB António López 0-0: Fly out, F9 (Line Drive, 89D)
Batting: RHB Alfredo López 0-0: Called Strike
0-1: Ball
1-1: Ball
2-1: Called Strike
2-2: Strikes out swinging
Batting: LHB Bob Cunningham 0-0: SINGLE (Line Drive, 9LS)
Stephen Wilson to second
Batting: RHB Justin Burgess 0-0: Ball
1-0: Ball
2-0: Called Strike
2-1: Called Strike
2-2: Ball
3-2: SINGLE (Groundball, 6D)
Stephen Wilson to third
Bob Cunningham to second
Stephen Wilson scores
Bob Cunningham to third
Batting: RHB Alfredo Rivera 0-0: Fly out, F4 (Line Drive, 4)
Bottom of the 5th over - 1 run(s), 3 hit(s), 0 error(s), 2 left on base; Seattle 1 - Vista 2
TOP OF THE 6TH
Seattle Pikes batting - Pitching for Vista Panthers : RHP Dave Jackson
Pitching: RHP Yajirobei Endo
Batting: RHB Wallace Greene 0-0: Ball
1-0: Foul Ball, location: 2F
1-1: Ball
2-1: Ground out 6-3 (Groundball, 6)
Batting: RHB Pete Rideout 0-0: Ball
1-0: Ball
2-0: Called Strike
2-1: Ball
3-1: Base on Balls
Batting: LHB Michael Barrett 0-0: Ball
1-0: Swinging Strike
1-1: Ball
2-1: Grounds into double play, 5-4-3 (Groundball, 56)
Top of the 6th over - 0 run(s), 0 hit(s), 0 error(s), 0 left on base; Seattle 1 - Vista 2
BOTTOM OF THE 6TH
Vista Panthers batting - Pitching for Seattle Pikes : LHP Marcos Benítez
Batting: RHB Mario Beltrán 0-0: Ball
1-0: Called Strike
1-1: Foul Ball, location: 2F
1-2: Ball
2-2: Ball
3-2: Ground out 6-3 (Groundball, 6)
Batting: RHB Phil Matthews 0-0: Ball
1-0: Ball
2-0: Ball
3-0: Called Strike
3-1: Called Strike
3-2: Base on Balls
Pinch Runner at 1st Francisco Medina:
Batting: RHB Cisco Gatán 0-0: Ball
1-0: Ball
2-0: Called Strike
2-1: Ball
3-1: Called Strike
3-2: Foul Ball, location: 2F
3-2: Ground out 4-3 (Groundball, 4)
Francisco Medina to second
Batting: RHB Stephen Wilson 0-0: Called Strike
0-1: Foul Ball, location: 2F
0-2: Ball
1-2: Ball
2-2: Ground out 6-3 (Groundball, 6)
Bottom of the 6th over - 0 run(s), 0 hit(s), 0 error(s), 1 left on base; Seattle 1 - Vista 2
TOP OF THE 7TH
Seattle Pikes batting - Pitching for Vista Panthers : RHP Yajirobei Endo
Now in RF: Guo-xiu Choi
Batting: SHB Nate Rhodes 0-0: Foul Ball, location: 2F
0-1: Swinging Strike
0-2: Fly out, F8 (Flyball, 8LS)
Batting: SHB António Hernández 0-0: Swinging Strike
0-1: Swinging Strike
0-2: Ball
1-2: Ball
2-2: Strikes out swinging
Batting: RHB Henning Huisman 0-0: Ball
1-0: Ball
2-0: Ball
3-0: Called Strike
3-1: Base on Balls
Pinch Hitting: RHB Iván Gonzáles 0-0: Called Strike
Henning Huisman steals 2nd base
0-1: Foul Ball, location: 2F
0-2: Ground out 6-3 (Groundball, 6)
Top of the 7th over - 0 run(s), 0 hit(s), 0 error(s), 1 left on base; Seattle 1 - Vista 2
BOTTOM OF THE 7TH
Vista Panthers batting - Pitching for Seattle Pikes : LHP Marcos Benítez
Now at SS: Gary Kern
Batting: RHB António López 0-0: Called Strike
0-1: Ground out 4-3 (Groundball, 4)
Batting: RHB Alfredo López 0-0: Ball
1-0: DOUBLE (Line Drive, 8RXD)
Pinch Hitting: RHB Roberto Cruz 0-0: Ball
1-0: Ball
2-0: Called Strike
2-1: Ball
3-1: Base on Balls
Batting: RHB Justin Burgess 0-0: Fly out, F9 (Flyball, 9LMF)
Runner from 2nd tags up, OUT at 3rd
Bottom of the 7th over - 0 run(s), 1 hit(s), 0 error(s), 1 left on base; Seattle 1 - Vista 2
TOP OF THE 8TH
Seattle Pikes batting - Pitching for Vista Panthers : RHP Yajirobei Endo
Pitching: LHP António Martínez
Now in CF: Ramiro Martínez
Batting: LHB Eduardo Gómez 0-0: Fly out, F8 (Flyball, 89D)
Pitching: RHP Doug Singleton
Batting: RHB Randy Sheppard 0-0: Foul Ball, location: 2F
0-1: Ground out 6-3 (Groundball, 56)
Pitching: RHP António López
Batting: RHB Wallace Greene 0-0: Swinging Strike
0-1: Ball
1-1: Ball
2-1: Ball
3-1: Called Strike
3-2: Strikes out looking
Top of the 8th over - 0 run(s), 0 hit(s), 0 error(s), 0 left on base; Seattle 1 - Vista 2
BOTTOM OF THE 8TH
Vista Panthers batting - Pitching for Seattle Pikes : LHP Marcos Benítez
Pitching: RHP Roberto Matoza
Batting: RHB Alfredo Rivera 0-0: Ball
1-0: Ball
2-0: Fly out, F9 (Flyball, 9)
Batting: RHB Mario Beltrán 0-0: Ball
1-0: Ground out 6-3 (Groundball, 6)
Batting: RHB Guo-xiu Choi 0-0: Ball
1-0: Ball
2-0: Ball
3-0: Called Strike
3-1: Foul Ball, location: 2F
3-2: Foul Ball, location: 2F
3-2: Foul Ball, location: 2F
3-2: Foul Ball, location: 2F
3-2: Fly out, F4 (Popup, 4D)
Bottom of the 8th over - 0 run(s), 0 hit(s), 0 error(s), 0 left on base; Seattle 1 - Vista 2
TOP OF THE 9TH
Seattle Pikes batting - Pitching for Vista Panthers : RHP António López
Pitching: RHP David Simpson
Batting: RHB Pete Rideout 0-0: Ground out 6-3 (Groundball, 6D)
Pinch Hitting: RHB Germán Rosales 0-0: Swinging Strike
0-1: Foul Ball, location: 2F
0-2: Strikes out looking
Batting: SHB Nate Rhodes 0-0: Called Strike
0-1: Called Strike
0-2: Strikes out swinging
Top of the 9th over - 0 run(s), 0 hit(s), 0 error(s), 0 left on base; Seattle 1 - Vista 2
Tuesday, August 8th, 2017 - OOTP Baseball 17.12 Build 75